TOP OF THE 1ST |
Utah Utes batting - Pitching for Louisville Cardinals : RHP Tom Taylor
|
Pitching: RHP Tom Taylor
|
|
Batting: RHB Dustin Márquez
|
0-0: Swinging Strike 0-1: Ball 1-1: Ground out 5-3 (Groundball, 25)
|
Batting: LHB Mark Roberts
|
0-0: Fly out, F7 (Flyball, 78M)
|
Batting: RHB Leo Snyder
|
0-0: Ball 1-0: Foul Ball, location: 2F 1-1: Ball 2-1: Ball 3-1: Base on Balls
|
Batting: RHB Walt Miller
|
0-0: Ball 1-0: Ball 2-0: Ball Wild Pitch! Leo Snyder to second 3-0: Called Strike 3-1: Base on Balls
|
Batting: LHB Lorenzo Romo
|
0-0: Called Strike 0-1: Swinging Strike 0-2: Strikes out swinging
|
Top of the 1st over - 0 runs, 0 hits, 0 errors, 2 left on base; Utah 0 - Louisville 0 |
BOTTOM OF THE 1ST |
Louisville Cardinals batting - Pitching for Utah Utes : RHP Conan Allen
|
Pitching: RHP Conan Allen
|
|
Batting: RHB Troy Legge
|
0-0: Called Strike 0-1: Ball 1-1: Fly out, F7 (Line Drive, 7D)
|
Batting: LHB Francisco Aguilera
|
0-0: Called Strike 0-1: Ball 1-1: Ground out 4-3 (Groundball, 4)
|
Batting: LHB Preston Spencer
|
0-0: Foul Ball, location: 2F 0-1: Ball 1-1: Fly out, F8 (Flyball, 78D)
|
Bottom of the 1st over - 0 runs, 0 hits, 0 errors, 0 left on base; Utah 0 - Louisville 0 |
TOP OF THE 2ND |
Utah Utes batting - Pitching for Louisville Cardinals : RHP Tom Taylor
|
Batting: RHB Will MacDonald
|
0-0: Foul Ball, location: 2F 0-1: SINGLE (Groundball, 56) (infield hit)
|
Batting: RHB John Daniels
|
0-0: Called Strike 0-1: Foul Ball, location: 2F 0-2: Ball 1-2: Ball 2-2: Ball 3-2: Strikes out swinging
|
Batting: RHB J.R. Nelson
|
0-0: Ball 1-0: Ball 2-0: Fielders Choice at 2nd, 4-6 (Groundball, 34)
|
Batting: RHB Leonardo Salazar
|
0-0: Ball 1-0: Fielders Choice at 2nd, 6-4 (Groundball, 6)
|
Top of the 2nd over - 0 runs, 1 hit, 0 errors, 1 left on base; Utah 0 - Louisville 0 |
BOTTOM OF THE 2ND |
Louisville Cardinals batting - Pitching for Utah Utes : RHP Conan Allen
|
Batting: RHB Roberto Peña
|
0-0: Ball 1-0: Ball 2-0: Ball 3-0: Called Strike 3-1: Foul Ball, location: 2F 3-2: Strikes out looking
|
Batting: LHB Miguel Rodríguez
|
0-0: Called Strike 0-1: Ball 1-1: Ball 2-1: Called Strike 2-2: Strikes out swinging
|
Batting: LHB Pat Belrio
|
0-0: Called Strike 0-1: Ball 1-1: Called Strike 1-2: Ball 2-2: Foul Ball, location: 2F 2-2: Ball 3-2: SOLO HOME RUN (Flyball, 9LD), Distance : 334 ft
|
Batting: SHB Andrés Sandoval
|
0-0: Ball 1-0: Foul Ball, location: 2F 1-1: SINGLE (Groundball, 6D)
|
Batting: LHB Stephen Johnston
|
0-0: Called Strike 0-1: Swinging Strike 0-2: Strikes out swinging
|
Bottom of the 2nd over - 1 run, 2 hits, 0 errors, 1 left on base; Utah 0 - Louisville 1 |
TOP OF THE 3RD |
Utah Utes batting - Pitching for Louisville Cardinals : RHP Tom Taylor
|
Batting: RHB Dustin Márquez
|
0-0: Called Strike 0-1: Swinging Strike 0-2: Ball 1-2: Strikes out swinging
|
Batting: LHB Mark Roberts
|
0-0: Ball 1-0: Called Strike 1-1: Ball 2-1: Ball 3-1: Fly out, F4 (Line Drive, 4)
|
Batting: RHB Leo Snyder
|
0-0: Ball 1-0: Ground out 6-3 (Groundball, 6D)
|
Top of the 3rd over - 0 runs, 0 hits, 0 errors, 0 left on base; Utah 0 - Louisville 1 |
BOTTOM OF THE 3RD |
Louisville Cardinals batting - Pitching for Utah Utes : RHP Conan Allen
|
Batting: LHB Aaron Ford
|
0-0: Ball 1-0: Swinging Strike 1-1: Foul Ball, location: 2F 1-2: Foul Ball, location: 2F 1-2: Ball 2-2: Strikes out swinging
|
Batting: RHB Troy Legge
|
0-0: Called Strike 0-1: DOUBLE (Flyball, 8RD)
|
Batting: LHB Francisco Aguilera
|
0-0: Called Strike 0-1: Called Strike Troy Legge steals 3rd base 0-2: Foul Ball, location: 2F 0-2: Ground out 4-3 (Groundball, 34D) Troy Legge scores
|
Batting: LHB Preston Spencer
|
0-0: Ball 1-0: Ball 2-0: DOUBLE (Line Drive, 9LM)
|
Batting: RHB Roberto Peña
|
0-0: Swinging Strike 0-1: Foul Ball, location: 2F 0-2: Ball 1-2: Strikes out swinging
|
Bottom of the 3rd over - 1 run, 2 hits, 0 errors, 1 left on base; Utah 0 - Louisville 2 |
TOP OF THE 4TH |
Utah Utes batting - Pitching for Louisville Cardinals : RHP Tom Taylor
|
Batting: RHB Walt Miller
|
0-0: Ground out U3 (Groundball, 3)
|
Batting: LHB Lorenzo Romo
|
0-0: Ball 1-0: Called Strike 1-1: Swinging Strike 1-2: Foul Ball, location: 2F 1-2: Strikes out looking
|
Batting: RHB Will MacDonald
|
0-0: Called Strike 0-1: Ball 1-1: Foul Ball, location: 2F 1-2: Strikes out swinging
|
Top of the 4th over - 0 runs, 0 hits, 0 errors, 0 left on base; Utah 0 - Louisville 2 |
BOTTOM OF THE 4TH |
Louisville Cardinals batting - Pitching for Utah Utes : RHP Conan Allen
|
Batting: LHB Miguel Rodríguez
|
0-0: Called Strike 0-1: Foul Ball, location: 2F 0-2: Strikes out swinging
|
Batting: LHB Pat Belrio
|
0-0: Swinging Strike 0-1: Ball 1-1: Ball 2-1: Ground out 4-3 (Groundball, 4M)
|
Batting: SHB Andrés Sandoval
|
0-0: Called Strike 0-1: Ball 1-1: Ball 2-1: Ball 3-1: Base on Balls
|
Batting: LHB Stephen Johnston
|
0-0: Ball 1-0: Foul Ball, location: 2F 1-1: Called Strike 1-2: Ball 2-2: Foul Ball, location: 2F 2-2: SINGLE (Groundball, 56) (infield hit) Andrés Sandoval to second
|
Batting: LHB Aaron Ford
|
0-0: Fly out, F8 (Flyball, 78D)
|
Bottom of the 4th over - 0 runs, 1 hit, 0 errors, 2 left on base; Utah 0 - Louisville 2 |
TOP OF THE 5TH |
Utah Utes batting - Pitching for Louisville Cardinals : RHP Tom Taylor
|
Batting: RHB John Daniels
|
0-0: Called Strike 0-1: Foul Ball, location: 2F 0-2: Foul Ball, location: 2F 0-2: Ground out 4-3 (Groundball, 4)
|
Batting: RHB J.R. Nelson
|
0-0: Ground out 3-1 (Groundball, 34)
|
Batting: RHB Leonardo Salazar
|
0-0: TRIPLE (Flyball, 89D)
|
Batting: RHB Dustin Márquez
|
0-0: Ball 1-0: Foul Ball, location: 2F 1-1: Fly out, F7 (Flyball, 7S)
|
Top of the 5th over - 0 runs, 1 hit, 0 errors, 1 left on base; Utah 0 - Louisville 2 |
BOTTOM OF THE 5TH |
Louisville Cardinals batting - Pitching for Utah Utes : RHP Conan Allen
|
Batting: RHB Troy Legge
|
0-0: Ball 1-0: Ball 2-0: Ball 3-0: Called Strike 3-1: Called Strike 3-2: Strikes out swinging
|
Batting: LHB Francisco Aguilera
|
0-0: Called Strike 0-1: Ball 1-1: DOUBLE (Groundball, 3L)
|
Pitching: LHP Marv Johnston
|
|
Batting: LHB Preston Spencer
|
0-0: Called Strike 0-1: Swinging Strike 0-2: Ball 1-2: Fly out, F7 (Line Drive, 7)
|
Batting: RHB Roberto Peña
|
0-0: Ball 1-0: Ground out 1-3 (Groundball, 13)
|
Bottom of the 5th over - 0 runs, 1 hit, 0 errors, 1 left on base; Utah 0 - Louisville 2 |
TOP OF THE 6TH |
Utah Utes batting - Pitching for Louisville Cardinals : RHP Tom Taylor
|
Batting: LHB Mark Roberts
|
0-0: SINGLE (Line Drive, 9LS)
|
Batting: RHB Leo Snyder
|
0-0: Ball 1-0: Swinging Strike 1-1: Ball 2-1: Fielders Choice at 2nd, 3-6 (Groundball, 3)
|
Batting: RHB Walt Miller
|
0-0: Foul Ball, location: 2F 0-1: Ball 1-1: Foul Ball, location: 2F 1-2: Ball 2-2: SINGLE (Groundball, 34D) Leo Snyder to second Runner from 2nd tries for 3rd, SAFE, no throw
|
Batting: LHB Lorenzo Romo
|
0-0: Ball 1-0: Ball 2-0: Ball 3-0: Base on Balls Walt Miller to second
|
Batting: RHB Will MacDonald
|
0-0: Ball 1-0: Called Strike 1-1: Ball 2-1: Ball 3-1: Base on Balls Leo Snyder scores Walt Miller to third Lorenzo Romo to second
|
Batting: RHB John Daniels
|
0-0: Ball 1-0: DOUBLE (Flyball, 89D) Walt Miller scores Lorenzo Romo scores Will MacDonald to third Runner from 3rd tries for Home, SAFE, throw made at trailing runner, OUT at third!
|
Batting: RHB J.R. Nelson
|
0-0: Ball 1-0: Ball 2-0: Called Strike 2-1: Foul Ball, location: 2F 2-2: Ball 3-2: Base on Balls
|
Pitching: LHP Marcus LeClerc
|
|
Batting: RHB Leonardo Salazar
|
0-0: Called Strike 0-1: Foul Ball, location: 2F 0-2: Foul Ball, location: 2F 0-2: Strikes out swinging
|
Top of the 6th over - 4 runs, 3 hits, 0 errors, 1 left on base; Utah 4 - Louisville 2 |
BOTTOM OF THE 6TH |
Louisville Cardinals batting - Pitching for Utah Utes : LHP Marv Johnston
|
Batting: LHB Miguel Rodríguez
|
0-0: Fly out, F4 (Line Drive, 4M)
|
Batting: LHB Pat Belrio
|
0-0: Swinging Strike 0-1: Foul Ball, location: 2F 0-2: Strikes out swinging
|
Batting: SHB Andrés Sandoval
|
0-0: Ball 1-0: Swinging Strike 1-1: Fly out, F9 (Flyball, 89S)
|
Bottom of the 6th over - 0 runs, 0 hits, 0 errors, 0 left on base; Utah 4 - Louisville 2 |
TOP OF THE 7TH |
Utah Utes batting - Pitching for Louisville Cardinals : LHP Marcus LeClerc
|
Batting: RHB Dustin Márquez
|
0-0: Ball 1-0: Called Strike 1-1: Single, Error in OF, E9, batter to second base
|
Batting: LHB Mark Roberts
|
0-0: Ball 1-0: Called Strike 1-1: Swinging Strike 1-2: Foul Ball, location: 2F 1-2: Foul Ball, location: 2F 1-2: Ground out 1-3 (Groundball, 13S) Dustin Márquez to third
|
Batting: RHB Leo Snyder
|
0-0: Intentional Walk
|
Batting: RHB Walt Miller
|
0-0: Ball Leo Snyder is caught stealing 2nd base 1-0: Fly out, F9 (Flyball, 9LSF)
|
Top of the 7th over - 0 runs, 1 hit, 1 error, 1 left on base; Utah 4 - Louisville 2 |
BOTTOM OF THE 7TH |
Louisville Cardinals batting - Pitching for Utah Utes : LHP Marv Johnston
|
Batting: LHB Stephen Johnston
|
0-0: SINGLE (Groundball, 6D)
|
Batting: LHB Aaron Ford
|
0-0: Ball 1-0: Ball 2-0: Ball 3-0: Called Strike 3-1: Foul Ball, location: 2F 3-2: Base on Balls Stephen Johnston to second
|
Batting: RHB Troy Legge
|
0-0: Grounds into double play, 4-6-3 (Groundball, 4) Stephen Johnston to third
|
Batting: LHB Francisco Aguilera
|
0-0: Foul Ball, location: 2F 0-1: SINGLE (Groundball, 4M) (infield hit) Stephen Johnston scores
|
Batting: LHB Preston Spencer
|
0-0: Called Strike 0-1: Ball 1-1: Ball 2-1: Ground out 3-1 (Groundball, 3)
|
Bottom of the 7th over - 1 run, 2 hits, 0 errors, 1 left on base; Utah 4 - Louisville 3 |
TOP OF THE 8TH |
Utah Utes batting - Pitching for Louisville Cardinals : LHP Marcus LeClerc
|
Batting: LHB Lorenzo Romo
|
0-0: Called Strike 0-1: Foul Ball, location: 2F 0-2: Strikes out swinging
|
Batting: RHB Will MacDonald
|
0-0: Ball 1-0: Called Strike 1-1: Ball 2-1: Fly out, F4 (Popup, 4D)
|
Batting: RHB John Daniels
|
0-0: Swinging Strike 0-1: Fly out, F9 (Line Drive, 9)
|
Top of the 8th over - 0 runs, 0 hits, 0 errors, 0 left on base; Utah 4 - Louisville 3 |
BOTTOM OF THE 8TH |
Louisville Cardinals batting - Pitching for Utah Utes : LHP Marv Johnston
|
Now at 3B: Jesús Bermúdez
|
|
Now in LF: Jonathan Huff
|
|
Batting: RHB Roberto Peña
|
0-0: Swinging Strike 0-1: Swinging Strike 0-2: Strikes out swinging
|
Batting: LHB Miguel Rodríguez
|
0-0: Called Strike 0-1: Ball 1-1: SINGLE (Groundball, 34D)
|
Pinch Runner at 1st Edison Knight:
|
|
Batting: LHB Pat Belrio
|
0-0: Ball 1-0: Called Strike 1-1: Ball 2-1: Foul Ball, location: 2F 2-2: Fly out, F4 (Popup, 34)
|
Pitching: RHP Mike Smith
|
|
Pinch Hitting: RHB Curt Matthews
|
0-0: Called Strike 0-1: Swinging Strike 0-2: SINGLE (Groundball, 56D) Edison Knight to second Runner from 2nd tries for 3rd, OUT!
|
Bottom of the 8th over - 0 runs, 2 hits, 0 errors, 1 left on base; Utah 4 - Louisville 3 |
TOP OF THE 9TH |
Utah Utes batting - Pitching for Louisville Cardinals : LHP Marcus LeClerc
|
Pitching: LHP Chris Belcher
|
|
Now at 2B: Francisco Rodríguez
|
|
Batting: RHB J.R. Nelson
|
0-0: Ball 1-0: Foul Ball, location: 2F 1-1: Ball 2-1: SINGLE (Groundball, 6MD)
|
Batting: RHB Leonardo Salazar
|
0-0: Ball 1-0: Ball 2-0: Swinging Strike 2-1: Swinging Strike 2-2: Strikes out swinging
|
Batting: RHB Dustin Márquez
|
0-0: Ball 1-0: Foul Ball, location: 2F 1-1: Called Strike 1-2: Strikes out swinging
|
Batting: LHB Mark Roberts
|
0-0: Ball 1-0: Ball 2-0: Ball 3-0: Called Strike 3-1: Called Strike 3-2: Base on Balls J.R. Nelson to second
|
Batting: RHB Leo Snyder
|
0-0: Fielders Choice at 2nd, 5-4 (Groundball, 56)
|
Top of the 9th over - 0 runs, 1 hit, 0 errors, 2 left on base; Utah 4 - Louisville 3 |
BOTTOM OF THE 9TH |
Louisville Cardinals batting - Pitching for Utah Utes : RHP Mike Smith
|
Pitching: LHP Craig Melton
|
|
Batting: LHB Stephen Johnston
|
0-0: SINGLE (Line Drive, 8LS)
|
Batting: LHB Aaron Ford
|
0-0: Called Strike 0-1: Foul Ball, location: 2F 0-2: Fly out, F8 (Flyball, 8RM)
|
Batting: RHB Troy Legge
|
0-0: Called Strike 0-1: Grounds into double play, 6-4-3 (Groundball, 6)
|
Bottom of the 9th over - 0 runs, 1 hit, 0 errors, 0 left on base; Utah 4 - Louisville 3 |
|